cohdb
Replays
Latest Replays
All Replays
Popular Replays
Top Player Replays
Match Explorer
How It Works
Community
CoH3 Stats
Reddit
Sign in to upload your games and track your stats! →
Sign in with Steam
Match 42914049
Unlisted
Match 42914049
Overview
Messages
Build Orders
End
Vickers Machine Gun Team
Selects Canadian Shock Battlegroup
Construct Section Command Post
Infantry Section
Dingo Light Scout Car
Infantry Section
Construct Platoon Command Post
Selects Attacking Spirit
Selects Canadian Shock Section
Canadian Shock Section
Humber Armored Car
Royal Engineer Section
Selects Burnout
6-pounder Anti-tank Gun Team
Selects Pyrotechnics
Grenade Package
Construct Company Command Post
Crusader II Medium Tank
CMP 15cwt Truck
Unlock Bishop Self-propelled Artillery
Canadian Shock Section
Bishop Self-propelled Artillery
Infantry Section
Jew
1987
[PD] PragerSchinken
Aleloons
ohuyaa
Valar[M]orgHulis
Firewasp
Creation
0
0
Comments
sign in to comment!
No comments posted yet!